 Dungeon Crawl Stone Soup version 0.29-a0-997-gf6f7e2dfe7 (webtiles) character file.

Game seed: 2136763510906286486

20832 Sweeb the Carver (level 12, -4/77 HPs)
             Began as a Tengu Monk on Aug 5, 2022.
             Was the Champion of Dithmenos.
             Slain by Snorg (9 damage)
             ... on level 1 of the Orcish Mines.
             The game lasted 00:20:29 (14192 turns).

Sweeb the Carver (Tengu Monk)                      Turns: 14192, Time: 00:20:30

Health: -4/77      AC:  6    Str: 12    XL:     12   Next: 83%
Magic:  13/13      EV: 24    Int: 11    God:    Dithmenos [******]
Gold:   691        SH:  0    Dex: 21    Spells: 11/11 levels left

rFire   + . .      SeeInvis .   w - +5 great sword (freeze)
rCold   . . .      Faith    .   (shield currently unavailable)
rNeg    . . .      Spirit   .   i - +0 steam dragon scales
rPois   +          Reflect  .   (helmet restricted)
rElec   +          Harm     .   (no cloak)
rCorr   .          Rampage  .   o - +0 pair of gloves
Will    +....                   (boots unavailable)
Stlth   +++++++++.              g - amulet of Jezuq {RegenMP +Blink rElec rF+}
HPRegen 0.22/turn               s - ring of willpower
MPRegen 0.53/turn               D - ring of poison resistance

@: flying quickly and evasively, wreathed by umbra, quick
A: beak, talons 3, nimble flight
a: Renounce Religion, Evoke Blink, Shadow Step, Shadow Form


You were on level 1 of the Orcish Mines.
You worshipped Dithmenos.
Dithmenos was exalted by your worship.
You visited 3 branches of the dungeon, and saw 13 of its levels.
You also visited: Bailey.

You collected 911 gold pieces.
You spent 220 gold pieces at shops.

Inventory:

Hand Weapons
 a - a +0 falchion of venom
 w - a +5 great sword of freezing (weapon)
 J - a +2 great sword of freezing
 O - a +3 vorpal double sword
Armour
 b - a +0 robe
 i - +0 steam dragon scales (worn)
 o - a +0 pair of gloves (worn)
 p - a +0 troll leather armour
 E - the +2 cloak of Hedge Wizardry {+Inv}
   (You found it on level 9 of the Dungeon)

   +Inv:      It lets you turn invisible.
Jewellery
 g - the amulet of Jezuq (around neck) {RegenMP +Blink rElec rF+}
   (You acquired it on level 7 of the Dungeon)

   [amulet of magic regeneration]

   It increases your rate of magic regeneration.
   rF:        It protects you from fire.
   rElec:     It insulates you from electricity.
   +Blink:    It lets you blink.
 k - an amulet of reflection
 s - a ring of willpower (left hand)
 D - a ring of poison resistance (right hand)
 H - an amulet of regeneration
Wands
 m - a wand of acid (17)
 q - a wand of flame (25)
 r - a wand of digging (9)
 F - a wand of polymorph (2)
 L - a wand of mindburst (7)
 N - a wand of paralysis (6)
Scrolls
 j - 5 scrolls of blinking
 l - 6 scrolls of teleportation
 u - a scroll of fear
 x - 2 scrolls of summoning
 y - a scroll of poison
 A - 3 scrolls of enchant weapon
 C - a scroll of magic mapping
 M - a scroll of butterflies
Potions
 c - 2 potions of ambrosia
 d - 3 potions of might
 e - 4 potions of brilliance
 f - 5 potions of flight
 h - a potion of haste {unknown}
 n - 3 potions of attraction
 t - 2 potions of degeneration {unknown}
 v - 4 potions of curing
 z - 4 potions of cancellation {unknown}
 B - 3 potions of invisibility {unknown}
 G - 5 potions of heal wounds
 I - a potion of berserk rage
 K - a potion of magic {unknown}


   Skills:
 + Level 10.0 Fighting
 * Level 14.8 Long Blades
 + Level 10.9 Dodging
 + Level 10.5 Stealth


You had 11 spell levels left.
You didn't know any spells.
Your spell library contained the following spells:

 Spells                   Type           Power      Damage    Failure   Level
 Magic Dart               Conj           0%         1d3       34%         1
 Shock                    Conj/Air       0%         1d3       34%         1
 Ensorcelled Hibernation  Hex/Ice        0%         N/A       47%         2
 Searing Ray              Conj           0%         2d4       47%         2
 Conjure Flame            Conj/Fire      0%         6-21      71%         3
 Ignite Poison            Fire/Tmut/Pois 0%         N/A       71%         3
 Mephitic Cloud           Conj/Pois/Air  0%         N/A       71%         3
 Spider Form              Tmut/Pois      0%         N/A       71%         3
 Swiftness                Air            0%         N/A       71%         3
 Airstrike                Air            0%         2d(0-16)  98%         4
 Anguish                  Hex/Necr       0%         N/A       98%         4
 Fulminant Prism          Conj/Hex       0%         3d6       98%         4
 Sticky Flame             Conj/Fire      0%         2d3       98%         4
 Freezing Cloud           Conj/Ice/Air   0%         6-21      100%        5


Dungeon Overview and Level Annotations

Branches:
Dungeon (11/15)            Temple (1/1) D:4            Lair (0/5) D:10
    Orc (1/2) D:9          Bailey (visited)

Altars:
Ashenzari
Cheibriados
Dithmenos
Elyvilon
Fedhas
Gozag
Hepliaklqana
Kikubaaqudgha
Makhleb
Nemelex Xobeh
Okawaru
Qazlal
Sif Muna
Uskayaw
Vehumet
Wu Jian
Yredelemnul
Zin
The Shining One

Shops:
D:3 (   D:7 *

Annotations:
D:5 1 runed translucent door, audacious124's ghost, amateur DsNe
Orc:1 Snorg


Innate Abilities, Weirdness & Mutations

You have a beak for a mouth.
You have claws for feet.
Your magical nature lets you fly swiftly and evasively.


Message History

Snorg is nearby!
Snorg is nearby!
An orc priest comes into view. It is wielding a +0 club.
An orc comes into view. It is wielding a +0 dagger.
Found a stone staircase leading down.
An orc comes into view. It is wielding a +0 dagger.
Snorg shouts!
The orc shouts! x2; You hear a shout!
An orc warrior comes into view. It is wielding a +4 halberd.
An orc comes into view. It is wielding a +0 antimagic flail.
The orc shouts!
Snorg completely misses you. Snorg closely misses you.
Snorg claws you but does no damage.
The orc warrior shouts!
The orc priest shouts!
You slash Snorg! You freeze Snorg. You claw Snorg.
Snorg is lightly wounded.
Your shadow completely misses Snorg.
Snorg goes berserk!
You slice Snorg!! You freeze Snorg. Your kick misses Snorg.
Snorg is moderately wounded.
Snorg completely misses you. Snorg claws you!!
You emit a cloud of dark smoke.
Snorg misses you.
You barely miss Snorg. You claw Snorg. You peck Snorg.
Snorg is moderately wounded.
Snorg closely misses you. Snorg completely misses you. Snorg misses you.
You hit Snorg. You freeze Snorg. You claw Snorg.
Snorg is heavily wounded.
Snorg bites you!! Snorg barely misses you. Snorg misses you.
Snorg completely misses you. Snorg misses you. Snorg claws you!
Unknown command.
You slice Snorg!! You freeze Snorg. You claw Snorg. You peck Snorg.
Snorg is severely wounded.
Snorg bites you!!
* * * LOW HITPOINT WARNING * * *
Snorg misses you. Snorg claws you.
* * * LOW HITPOINT WARNING * * *
The orc misses you. The orc barely misses you.
You closely miss Snorg. You claw Snorg.
Snorg is severely wounded.
Your shadow hits Snorg with a great sword.
Snorg bites you!
You die...

##.###.....#..##
#.##.........#
.............##
.#.............#
####.#.........##
#.............#
##.##.#......##
## #.....§§§#
....$oo@#
.....§oT§#
......§o##
.........
.....o..#
.....>.o#
.........
.........


You could see Snorg (berserk), an orc priest and 3 orcs.

Vanquished Creatures
  An orc warlord (Bailey)
  2 two-headed ogres
  Urug (Orc:1)
  2 cyclopes (D:11)
  2 gargoyles
  Maggie (D:5)
  A komodo dragon (D:10)
  An unseen horror zombie (D:10)
  2 trolls
  Grinder (D:4)
  Sigmund (D:4)
  A shadow (D:11)
  8 wyverns
  21 yaks
  Eustachio (D:6)
  A human (D:9)
  2 basilisks (D:10)
  4 steam dragons
  2 wargs (D:9)
  3 water moccasins (D:7)
  An acid dragon (D:10)
  18 orc warriors
  A hornet zombie (D:8)
  2 black bears
  A sky beast (D:6)
  An ice beast (D:7)
  4 ogres
  7 centaurs
  3 kobold brigands
  4 bullfrogs
  2 scorpions
  3 necrophages
  A gnoll sergeant (D:7)
  16 wights
  5 killer bees (D:9)
  4 howler monkeys
  13 centaur zombies
  2 jellies
  5 hounds
  8 orc priests
  A gnoll bouda (D:5)
  Ijyb (D:4)
  4 iguanas
  9 orc wizards
  A killer bee zombie (D:8)
  3 howler monkey zombies
  17 gnolls
  12 adders
  A shadow imp (D:5)
  3 ufetubi (D:5)
  4 worms
  A dart slug (D:3)
  55 orcs
  9 endoplasms
  6 giant cockroaches
  18 goblins
  17 hobgoblins
  4 jackals (D:1)
  4 quokkas
  16 ball pythons
  8 bats
  4 frilled lizards
  23 kobolds
  6 rats
386 creatures vanquished.

Vanquished Creatures (others)
  A kobold (D:9)
  2 withered plants (D:8)
3 creatures vanquished.

Grand Total: 389 creatures vanquished

Notes
Turn   | Place    | Note
-------+----------+-------------------------------------------
     0 | D:1      | Sweeb the Tengu Monk began the quest for the Orb.
     0 | D:1      | Reached XP level 1. HP: 14/14 MP: 2/2
    59 | D:1      | Reached XP level 2. HP: 14/19 MP: 3/3
   493 | D:1      | Reached XP level 3. HP: 19/23 MP: 4/4
   818 | D:1      | Reached skill level 4 in Long Blades
  1263 | D:2      | Found a faded altar of an unknown god.
  1585 | D:2      | Reached XP level 4. HP: 26/28 MP: 5/5
  2214 | D:3      | Gained mutation: Your magical nature lets you fly swiftly
                  | and evasively. [Tengu growth]
  2214 | D:3      | Reached XP level 5. HP: 26/32 MP: 6/6
  3184 | D:3      | Found Roseqof's Weapon Emporium.
  3273 | D:4      | Found a staircase to the Ecumenical Temple.
  3288 | Temple   | Entered the Ecumenical Temple
  3557 | Temple   | Became a worshipper of Dithmenos the Shadowed
  3557 | Temple   | Reached * piety under Dithmenos
  3557 | Temple   | Reached ** piety under Dithmenos
  3601 | D:4      | Noticed Grinder
  3607 | D:4      | Noticed a black bear
  3607 | D:4      | Paralysed by Grinder for 2 turns
  3615 | D:4      | Killed Grinder
  3615 | D:4      | Noticed an ogre
  3616 | D:4      | Reached skill level 5 in Long Blades
  3616 | D:4      | Reached XP level 6. HP: 38/38 MP: 7/7
  3622 | D:4      | Reached XP level 7. HP: 19/43 MP: 8/8
  3659 | D:4      | Reached skill level 6 in Long Blades
  3888 | D:4      | Reached skill level 5 in Dodging
  4249 | D:4      | Noticed Sigmund
  4301 | D:4      | Killed Sigmund
  4750 | D:4      | Noticed Ijyb
  4761 | D:4      | Killed Ijyb
  4947 | D:5      | Entered Level 5 of the Dungeon
  4983 | D:5      | Reached XP level 8. HP: 48/48 MP: 9/9
  5222 | D:5      | Found a burning altar of Makhleb.
  5232 | D:6      | Noticed Maggie
  5232 | D:6      | Noticed a gargoyle
  5263 | D:7      | Reached skill level 5 in Fighting
  5263 | D:7      | Reached skill level 7 in Long Blades
  5295 | D:7      | Identified a scroll of acquirement
  5295 | D:7      | Acquired the amulet of Jezuq {RegenMP +Blink rElec rF+}
  5455 | D:5      | Reached skill level 5 in Stealth
  5460 | D:5      | Killed Maggie
  5667 | D:5      | Reached skill level 8 in Long Blades
  5819 | D:5      | Reached XP level 9. HP: 23/55 MP: 10/10
  5829 | D:5      | Reached *** piety under Dithmenos
  6663 | D:5      | Reached skill level 9 in Long Blades
  6703 | D:5      | Found a runed translucent door.
  6923 | D:5      | Noticed audacious124's ghost (amateur DsNe)
  7053 | D:6      | Reached **** piety under Dithmenos
  7254 | D:6      | Killed a gargoyle
  7255 | D:6      | Reached skill level 10 in Long Blades
  7412 | D:6      | Reached XP level 10. HP: 56/61 MP: 11/11
  7480 | D:6      | Noticed Eustachio
  7484 | D:6      | Killed Eustachio
  7661 | D:6      | You are sucked into a shaft and drop 3 floors!
  8173 | D:7      | Found Ekoudill's Serpentskin Sales.
  8191 | D:7      | Bought a ring of poison resistance for 220 gold pieces
  8609 | D:7      | Reached skill level 11 in Long Blades
  9184 | D:8      | Found a burning altar of Makhleb.
  9301 | D:8      | Reached ***** piety under Dithmenos
  9428 | D:8      | Noticed a two-headed ogre
  9436 | D:8      | Killed a two-headed ogre
 10034 | D:9      | Reached XP level 11. HP: 68/68 MP: 12/12
 10065 | D:9      | Reached skill level 12 in Long Blades
 10457 | D:9      | Found a staircase to the Orcish Mines.
 10457 | D:9      | Identified the +2 cloak of Hedge Wizardry {+Inv}
 10632 | D:9      | Found an opulent altar of Gozag.
 10775 | D:9      | Found a glowing golden altar of the Shining One.
 10776 | D:9      | Found an ornate altar of the Wu Jian Council.
 10778 | D:9      | Found an iron altar of Okawaru.
 10778 | D:9      | Found a blossoming altar of Fedhas.
 10779 | D:9      | Found a snail-covered altar of Cheibriados.
 10780 | D:9      | Found a radiant altar of Vehumet.
 10780 | D:9      | Found a stormy altar of Qazlal.
 10781 | D:9      | Found a sparkling altar of Nemelex Xobeh.
 10963 | D:10     | Entered Level 10 of the Dungeon
 11019 | D:10     | Reached skill level 13 in Long Blades
 11084 | D:10     | Found a basalt altar of Yredelemnul.
 11096 | D:10     | Reached XP level 12. HP: 30/76 MP: 13/13
 11331 | D:10     | Reached skill level 10 in Dodging
 11387 | D:10     | Noticed a two-headed ogre
 11394 | D:10     | Killed a two-headed ogre
 11573 | D:10     | Found a flagged portal.
 11580 | D:10     | Reached ****** piety under Dithmenos
 11597 | Bailey   | Entered a bailey
 12125 | Bailey   | Noticed an orc warlord
 12141 | Bailey   | Killed an orc warlord
 12142 | Bailey   | Reached skill level 14 in Long Blades
 12142 | Bailey   | Reached skill level 10 in Stealth
 12213 | Bailey   | Identified the +1 ring mail of Nubaujuc {Fly rC+ Dex-2}
 12235 | Bailey   | Acquired a +2 great sword of electrocution
 12739 | D:10     | Found a staircase to the Lair.
 13421 | D:11     | Identified the +2 robe of Leturi {Dex+2}
 13927 | Orc:1    | Entered Level 1 of the Orcish Mines
 13927 | Orc:1    | Noticed Urug
 13942 | Orc:1    | Killed Urug
 13943 | Orc:1    | Reached skill level 10 in Fighting
 14181 | Orc:1    | Noticed Snorg
 14192 | Orc:1    | Slain by Snorg

Illustrated notes

Levels and vault maps discovered:
D:1:      dpeg_arrival_yet_another_circle, layout_loops_corners
D:2:      layout_rooms, hellmonk_ecumenical_altar_blasted,
          minmay_split_cup_small
D:3:      layout_loops_corners, serial_shops, nicolae_shop_hallway_stairs,
          grunt_ministairs_4, minmay_misc_feat_columns
D:4:      layout_loops_ring, minmay_temple_entry_slanted, uniq_grinder,
          uniq_ijyb, uniq_sigmund
D:5:      minmay_razor_zed, layout_loops_ring, ebering_ghost_reflecting_pool,
          minmay_ruined_shrine
D:6:      layout_layer_cave, uniq_maggie, uniq_eustachio
D:7:      layout_cave_pods, guppyfry_shop_venom
D:8:      layout_cave_pods, lemuel_doored_altar, serial_undead, serial_undead_c,
          serial_undead_b, serial_undead_c, serial_undead_b
D:9:      layout_roguey, mainiacjoe_overflow_cross_hatched,
          grunt_temple_overflow_open, erik_orc_4
D:10:     layout_basic, nicolae_yredelemnul_corpse_copse, erik_lair_dragon,
          enter_bailey_5, grunt_ministairs_1, minmay_fractal_squares_gapless_5
D:11:     layout_loops_cross
Temple:   jpeg_temple_clearing
Orc:1:    layout_caves, serial_shops, shop, uniq_urug, uniq_snorg

Skill      XL: |  1  2  3  4  5  6  7  8  9 10 11 12 |
---------------+-------------------------------------+-----
Long Blades    | 4 5 6 8 10 11 13 14 | 14.8
Dodging        | 4 5 6 7 8 9 10 | 10.9
Stealth        | 3 4 5 7 8 9 10 | 10.5
Fighting       | 4 5 6 8 9 10 | 10.0

Action                   |  1- 3 |  4- 6 |  7- 9 | 10-12 || total
-------------------------+-------+-------+-------+-------++-------
Melee: Falchion          |    78 |    87 |   209 |       ||   374
       Peck              |     8 |    21 |    57 |    87 ||   173
       Kick              |    11 |    21 |    86 |   134 ||   252
       Punch             |     1 |     1 |     5 |       ||     7
       Great sword       |       |       |    23 |   464 ||   487
  Use: Scroll            |       |     7 |     6 |     9 ||    22
       Potion            |       |     1 |     2 |     5 ||     8
 Stab: Sleeping          |    14 |    11 |    11 |    40 ||    76
       Distracted        |       |       |     2 |     3 ||     5
Armor: Robe              |    12 |    10 |    11 |       ||    33
       Steam dragon scal |       |       |    17 |    60 ||    77
Dodge: Dodged            |    52 |    67 |   258 |   543 ||   920

Table legend: (Time is in decaauts)
 A = Elapsed time spent in this place.
 B = Non-inter-level travel time spent in this place.
 C = Inter-level travel time spent in this place.
 D = Time resting spent in this place.
 E = Time spent auto-exploring this place.
 F = Levels seen in this place.
 G = Mean time per level.
                   A        B        C        D        E       F      G
               +--------+--------+--------+--------+--------+-----+--------+
         Total |  13555 |  13114 |    441 |   3030 |   7592 |  14 |  968.2 |
       Dungeon |  12361 |  11946 |    415 |   2520 |   7306 |  11 | 1123.7 |
        Temple |    276 |    251 |     25 |    201 |     41 |   1 |  276.0 |
  Orcish Mines |    252 |    252 |      0 |      0 |    179 |   1 |  252.0 |
        Bailey |    664 |    664 |      0 |    309 |     65 |   1 |  664.0 |
               +--------+--------+--------+--------+--------+-----+--------+

Top non-repeatable levels by time:
     D:5: 1802 daAuts
     D:7: 1416 daAuts
     D:4: 1344 daAuts
    D:10: 1314 daAuts
     D:1: 1241 daAuts
     D:3: 1169 daAuts
     D:9: 1098 daAuts
     D:8: 844 daAuts
     D:2: 787 daAuts
    D:11: 787 daAuts
  Bailey: 664 daAuts
     D:6: 555 daAuts
  Temple: 276 daAuts
   Orc:1: 252 daAuts
